 Dungeon Crawl Stone Soup version 0.31-a0-303-gdc8c9485ea (webtiles) character file.

Game seed: 8832618716063777655

573 Sabo the Chopper (level 7, -1/5 HPs)
             Began as a Formicid Monk on July 16, 2023.
             Slain by a hobgoblin (2 damage)
             ... on level 4 of the Dungeon.
             The game lasted 00:18:02 (4094 turns).

Sabo the Chopper (Formicid Monk)                    Turns: 4094, Time: 00:18:02

Health: -1/5       AC:  4    Str: 18    XL:     7   Next: 61%
Magic:  7/7        EV:  6    Int:  9    God:
Gold:   243        SH:  0    Dex: 16    Spells: 6/6 levels left

rFire   . . .        i - melded +0 war axe
rCold   . . .        d - melded orb {light}
rNeg    . . .        k - +0 plate armour
rPois   .            (helmet unavailable)
rElec   .            (no cloak)
rCorr   .            j - melded +0 pair of gloves
SInv    +            o - +2 pair of boots
Will    .....        (no amulet) Stlth
                     (no ring)
HPRegen 0.20/turn    (no ring)
MPRegen 0.10/turn

%: no passive effects
@: blade hands
A: reduced hp, permanent stasis, dig shafts and tunnels, antennae 3, four strong
arms
a: Dig, Shaft Self, Begin Untransformation


You were on level 4 of the Dungeon.
You had blades for hands.
You visited 1 branch of the dungeon, and saw 4 of its levels.

You collected 297 gold pieces.
You spent 54 gold pieces at shops.

Inventory:

Hand Weapons
 f - a +2 dagger of venom
 h - a +1 spear of venom
 i - a +0 war axe (melded)
Armour
 d - an orb of light (melded)
 j - a +0 pair of gloves (melded)
 k - a +0 plate armour (worn)
 o - a +2 pair of boots (worn)
Talismans
 a - a blade talisman
Scrolls
 g - a scroll of silence {unknown}
 l - a scroll of poison
 n - a scroll of enchant armour {unknown}
 q - a scroll of fear {unknown}
 r - a scroll of blinking {unknown}
 t - a scroll of fog {unknown}
Potions
 b - a potion of lignification {unknown}
 c - a potion of ambrosia
 e - a potion of curing {unknown}
 m - 2 potions of degeneration {unknown}
 p - a potion of attraction {unknown}
 s - 2 potions of magic {unknown}


   Skills:
 + Level 4.8 Fighting
 + Level 6.3 Axes
 + Level 2.5 Armour
 + Level 3.7 Dodging
 + Level 1.2 Stealth


You had 6 spell levels left.
You didn't know any spells.
Your spell library contained the following spells:

 Spells                   Type           Power      Damage    Failure   Level
 Kiss of Death            Conj/Necr      0%         2d5       100%        1
 Static Discharge         Conj/Air       0%         2-2/arc   100%        2
 Sublimation of Blood     Necr           0%         N/A       100%        2
 Wereblood                Tmut           0%         N/A       100%        2
 Confusing Touch          Hex            0%         N/A       100%        3
 Volatile Blastmotes      Fire/Tloc      0%         2d10      100%        3
 Dispel Undead            Necr           0%         3d6       100%        4
 Sticky Flame             Conj/Fire      0%         2d3       100%        4
 Arcjolt                  Conj/Air       0%         1d10      100%        5
 Irradiate                Conj/Tmut      0%         3d11      100%        5
 Summon Hydra             Summ           0%         N/A       100%        7


Dungeon Overview and Level Annotations

Branches:
Dungeon (4/15)
 Temple: D:4-7

Altars:

Shops:
D:1 [


Innate Abilities, Weirdness & Mutations

You have blades for hands.
Your maximum health is decreased, since you lack skill for your form.
Your spellcasting is less reliable in this form.
You are incapable of wielding weapons or throwing items.
You cannot be hasted, slowed, berserked, paralysed or teleported.
You can dig through walls and to a lower floor.
You have a pair of large antennae on your head. (SInv)
Your four strong arms can wield two-handed weapons with a shield.


Message History

You now have 243 gold pieces (gained 8).
There is an open door here.
Found a scroll labelled ELAEDY NUIJOAZ.
An adder comes into view.
The adder hisses angrily.
You hit the adder.
The adder is moderately wounded.
The adder bites you.
You slash the adder!
You kill the adder!
t - a scroll labelled ELAEDY NUIJOAZ You open the door.
There is an open door here.
There is an open door here.
You open the door.
Found 17 gold pieces.
Found a stone staircase leading down.
There is an open door here.
There is a stone staircase leading down here.
Found a sling.
As you open the door, it creaks loudly!
Found a short sword.
There is an open door here.
As you open the door, it creaks loudly!
A ball python and a hobgoblin come into view.
The ball python hisses angrily.
The hobgoblin shouts!
The ball python bites you.
Ouch! That really hurt!
The ball python closely misses you.
There is an open door here.
You closely miss the ball python. The ball python barely misses you. x2
The hobgoblin hits you.
* * * LOW HITPOINT WARNING * * *
You slash the ball python!
You kill the ball python!
The hobgoblin hits you but does no damage.
The hobgoblin barely misses you.
You closely miss the hobgoblin. The hobgoblin hits you.
* * * LOW HITPOINT WARNING * * *
You closely miss the hobgoblin. The hobgoblin hits you.
You die...

####### ##.....#{ #...)..##
+.......# { #.......# #.......#
. #.....$.# .{ #g@.##.# #.#
#######'###.#######.#### {
......)..'...>..........
.........#.............
.........#.............
######################'###..##
#.......................##..###
#.......................#...'..
#.......................#...#..


You could see a hobgoblin.

Vanquished Creatures
  Sigmund (D:2)
  A kobold brigand (D:3)
  A hound (D:2)
  An orc priest (D:3)
  Jessica (D:2)
  Terence (D:3)
  An orc wizard (D:3)
  Natasha (thrice) (D:2)
  2 adders
  A worm (D:2)
  3 dart slugs
  9 orcs (D:3)
  9 endoplasms
  A giant cockroach (D:1)
  5 goblins
  6 hobgoblins
  8 jackals
  14 kobolds
  7 quokkas
  5 ball pythons
  8 bats
  4 rats
92 creatures vanquished.

Notes
Turn   | Place    | Note
-------+----------+-------------------------------------------
     0 | D:1      | Sabo the Formicid Monk began the quest for the Orb.
     0 | D:1      | Reached XP level 1. HP: 18/18 MP: 1/1
    53 | D:1      | Got Sif Muna's Directory of the Blasted Summer
   195 | D:1      | Reached XP level 2. HP: 24/24 MP: 2/2
   391 | D:1      | Reached XP level 3. HP: 29/30 MP: 3/3
  1026 | D:1      | Found Hoigushri's Armour Boutique.
  1051 | D:1      | Bought a +0 pair of gloves for 54 gold pieces
  1246 | D:2      | Noticed Jessica
  1264 | D:2      | Killed Jessica
  1265 | D:2      | Reached XP level 4. HP: 24/37 MP: 4/4
  1319 | D:2      | Noticed Natasha
  1328 | D:2      | Killed Natasha
  1412 | D:2      | Reached skill level 4 in Axes
  1509 | D:2      | Noticed Sigmund
  1523 | D:2      | Killed Sigmund
  1524 | D:2      | Reached skill level 5 in Axes
  1524 | D:2      | Reached skill level 1 in Armour
  1524 | D:2      | Reached skill level 1 in Stealth
  1524 | D:2      | Reached XP level 5. HP: 42/42 MP: 5/5
  1524 | D:2      | Reached XP level 6. HP: 48/48 MP: 6/6
  2074 | D:2      | Noticed Natasha
  2082 | D:2      | Killed Natasha
  2270 | D:2      | Noticed Natasha
  2277 | D:2      | Killed Natasha
  2619 | D:3      | Reached XP level 7. HP: 51/55 MP: 7/7
  2645 | D:3      | Found a faded altar of an unknown god.
  3101 | D:3      | Noticed Terence
  3111 | D:3      | Killed Terence
  3505 | D:3      | Reached skill level 6 in Axes
  4094 | D:4      | Slain by a hobgoblin

Illustrated notes

Levels and vault maps discovered:
D:1:      roderic_crossed_star, layout_loops_ring, serial_shops,
          nicolae_lakefront_shop
D:2:      layout_basic, minmay_misc_feat_alley, hangedman_decor_growths,
          uniq_sigmund, uniq_jessica, uniq_natasha
D:3:      cheibrodos_thug_alley, layout_basic,
          hellmonk_ecumenical_altar_lost_god, kennysheep_orc_chapel,
          uniq_terence
D:4:      layout_gridville, nicolae_qazlal_style_of_elements, temple_pool_b,
          uniq_robin

Skill      XL: |  1  2  3  4  5  6  7 |
---------------+----------------------+-----
Dodging        | 3 |  3.7
Axes           | 5 6 |  6.3
Fighting       | 4 |  4.8
Armour         | 1 2 |  2.5
Stealth        | 1 |  1.2

Action                     |  1- 3 |  4- 6 |  7- 9 || total
---------------------------+-------+-------+-------++-------
  Melee: Hand axe          |    97 |    66 |    19 ||   182
         War axe           |       |       |    67 ||    67
         Unarmed           |       |       |     9 ||     9
    Use: Scroll            |     1 |     1 |     2 ||     4
 Armour: Robe              |    12 |       |       ||    12
         Leather armour    |     3 |       |       ||     3
         Plate armour      |       |    34 |    58 ||    92
  Dodge: Dodged            |    68 |    23 |    33 ||   124
   Form: Blade             |       |       |     1 ||     1

Table legend: (Time is in decaauts)
 A = Elapsed time spent in this place.
 B = Non-inter-level travel time spent in this place.
 C = Inter-level travel time spent in this place.
 D = Time resting spent in this place.
 E = Time spent auto-exploring this place.
 F = Levels seen in this place.
 G = Mean time per level.
                   A        B        C        D        E       F      G
               +--------+--------+--------+--------+--------+-----+--------+
         Total |   4145 |   4145 |      0 |    913 |      0 |   4 | 1036.2 |
       Dungeon |   4145 |   4145 |      0 |    913 |      0 |   4 | 1036.2 |
               +--------+--------+--------+--------+--------+-----+--------+

Top non-repeatable levels by time:
     D:2: 1399 daAuts
     D:3: 1388 daAuts
     D:1: 1190 daAuts
     D:4: 166 daAuts
